 Dungeon Crawl Stone Soup version 0.30-a0-1160-g6e42c06551 (webtiles) character file.

Game seed: 14735348853268237367

6764 Juicyj the Cleaver (level 10, -25/74 HPs)
             Began as a Minotaur Fighter on Apr 26, 2023.
             Killed from afar by Fannar (40 damage)
             ... with a bolt of cold
             ... on level 10 of the Dungeon.
             The game lasted 00:21:04 (8529 turns).

Juicyj the Cleaver (Minotaur Fighter)               Turns: 8529, Time: 00:21:05

Health: -25/74     AC: 13    Str: 29    XL:     10   Next: 75%
Magic:  9/9        EV:  7    Int:  5    God:
Gold:   551        SH:  6    Dex: 12    Spells: 9/9 levels left

rFire   + . .        C - +5 spear "Foemot" {spect, rCorr}
rCold   x . .        c - +1 buckler
rNeg    . . .        w - +0 plate armour
rPois   +            (helmet restricted)
rElec   .            F - +0 cloak
rCorr   +            (no gloves)
SInv    .            (no boots)
Will    +....        (no amulet) Stlth
                     o - ring of Due Proportion {rPois rC- Will+ Str+6 Stlth+}
HPRegen 0.32/turn    f - ring of protection from fire
MPRegen 0.11/turn

%: no passive effects
@: silenced, hasted, very quick
A: horns 2, retaliatory headbutt, talons 1, frail 1
a: no special abilities


You were on level 10 of the Dungeon.
You visited 1 branch of the dungeon, and saw 10 of its levels.

You collected 551 gold pieces.

Inventory:

Hand Weapons
 a - a +1 war axe
 C - the +5 spear "Foemot" (weapon) {spect, rCorr}
   (You took it off an orc on level 7 of the Dungeon)

   rCorr:     It protects you from acid and corrosion.
 L - a +3 war axe
Missiles
 t - 2 javelins
 z - a throwing net (quivered)
 O - 5 poisoned darts
Armour
 b - a +0 scale mail
 c - a +1 buckler (worn)
 w - a +0 plate armour (worn)
 F - a +0 cloak (worn)
Jewellery
 f - a ring of protection from fire (right hand)
 i - an amulet of faith
 k - an amulet of regeneration
 o - the ring of Due Proportion (left hand) {rPois rC- Will+ Str+6 Stlth+}
   (You found it on level 5 of the Dungeon)

   [ring of strength]

   Str:       It affects your strength (+6).
   rC:        It makes you vulnerable to cold.
   rPois:     It protects you from poison.
   Will:      It increases your willpower.
   Stlth:     It makes you more stealthy.
 p - a ring of positive energy
 s - a ring of ice
 x - an amulet of magic regeneration
 J - a ring of protection from fire
 K - an amulet of the acrobat
 M - a ring of willpower
Wands
 B - a wand of iceblast (19)
 Q - a wand of polymorph (5)
Scrolls
 g - 2 scrolls of enchant armour
 j - a scroll of immolation
 l - 3 scrolls of enchant weapon
 q - a scroll of silence
 r - 5 scrolls of fear
 u - 4 scrolls of poison
 v - a scroll of torment
 y - a scroll of amnesia
 I - a scroll of identify
 N - 2 scrolls of teleportation
Potions
 d - 4 potions of might
 e - a potion of degeneration
 h - a potion of haste
 m - a potion of attraction
 n - a potion of ambrosia
 D - a potion of curing
 E - a potion of cancellation
 G - 3 potions of brilliance
 H - 3 potions of flight
 P - a potion of magic
 R - a potion of lignification
Miscellaneous
 A - a box of beasts
 S - a condenser vane


   Skills:
 - Level 6.0 Fighting
 + Level 9.0 Long Blades
 - Level 12.1(13.5) Axes
 + Level 10.0(12.5) Polearms
 - Level 5.8 Armour
 - Level 5.9 Shields


You had 9 spell levels left.
You didn't know any spells.
Your spell library contained the following spells:

 Spells                   Type           Power      Damage    Failure   Level
 Apportation              Tloc           0%         N/A       99%         1
 Necrotise                Necr           0%         1d4       99%         1
 Summon Small Mammal      Summ           0%         N/A       99%         1
 Ensorcelled Hibernation  Hex/Ice        0%         N/A       100%        2
 Call Canine Familiar     Summ           0%         N/A       100%        3
 Hailstorm                Conj/Ice       0%         3d3       100%        3
 Portal Projectile        Hex/Tloc       0%         N/A       100%        3
 Spider Form              Tmut/Pois      0%         N/A       100%        3
 Anguish                  Hex/Necr       0%         N/A       100%        4
 Ice Form                 Ice/Tmut       0%         N/A       100%        4
 Leda's Liquefaction      Hex/Erth       0%         N/A       100%        4
 Simulacrum               Ice/Necr       0%         N/A       100%        6
 Ozocubu's Refrigeration  Ice            0%         4d7       100%        7
 Polar Vortex             Ice            0%         N/A       100%        9


Dungeon Overview and Level Annotations

Branches:
Dungeon (10/15)            Temple (0/1) D:4            Lair (0/5) D:8
    Orc: D:9-12

Altars:
Cheibriados
Fedhas
Hepliaklqana
Qazlal
Sif Muna
Uskayaw
Vehumet
Xom
Yredelemnul
Zin

Shops:
D:7 *   D:8 =

Annotations:
D:10 Fannar


Innate Abilities, Weirdness & Mutations

You have a pair of horns on your head.
You reflexively headbutt those who attack you in melee.
You have sharp toenails.
You are frail. (-10% HP)


Message History

Fannar hits you with a +0 quarterstaff of freezing!
* * * LOW HITPOINT WARNING * * *
Fannar freezes you.
* * * LOW HITPOINT WARNING * * *
You feel yourself speed up. Fannar hits you but does no damage.
Aiming: Polymorph
Press: ? - help, Q - select action, (/) - cycle Shift-Dir - straight line, f - Fannar
Aim: Fannar, wielding a +0 quarterstaff of freezing, wearing a +2 robe of cold resistance and wearing a ring of ice (heavily wounded, will become a deep troll, a glowing shapeshifter, or a cyclops, chance to affect: 7%)
Okay, then.
Throw: 2 throwing nets
Press: ? - help, Q - select action, (/) - cycle Shift-Dir - straight line, f - Fannar
Aim: Fannar, wielding a +0 quarterstaff of freezing, wearing a +2 robe of cold resistance and wearing a ring of ice (heavily wounded, 42% to hit)
You throw a throwing net. The throwing net hits Fannar.
Fannar is caught in the net!
Fannar is heavily wounded.
Fannar struggles against the net.
You are too injured to fight recklessly!
Fannar struggles against the net.
Reach: C) +5 spear "Foemot" {spect, rCorr}
Press: ? - help, Dir - move target, f/p - Fannar
Aim: Fannar, wielding a +0 quarterstaff of freezing, wearing a +2 robe of cold resistance and wearing a ring of ice (heavily wounded, entangled in a net, about 10% to evade the +5 spear "Foemot")
You reach to attack!
You hit Fannar.
Fannar is heavily wounded.
Your +5 spear "Foemot" {spect, rCorr} hits Fannar.
You are too injured to fight recklessly!
Reach: C) +5 spear "Foemot" {spect, rCorr}
Press: ? - help, Dir - move target, f/p - Fannar
Aim: Fannar, wielding a +0 quarterstaff of freezing, wearing a +2 robe of cold resistance and wearing a ring of ice (heavily wounded, entangled in a net, about 10% to evade the +5 spear "Foemot")
You reach to attack!
You strike the helpless Fannar from behind!
You hit Fannar.
Fannar is severely wounded.
Your +5 spear "Foemot" {spect, rCorr} hits Fannar!
Fannar points at you and mumbles some strange words.
The bolt of cold hits your +5 spear "Foemot" {spect, rCorr}!
Your +5 spear "Foemot" {spect, rCorr} resists.
Your spectral weapon shares its damage with you!
The bolt of cold hits you!!!
You feel a terrible chill!
Ouch! That really hurt!
You die...

,** #............##
**# *,**
#............#
*,,**
#............#
**..**
#............#
*#..*
##..........##
**##.#*
#..........#
,,,...#*
##.........#
,,,,#..#*
#........##
,****#..#*
##@......# **
*#..######(#......#
#.......e.###...##
*#..######.####..#
*#..#* #..# ####
****#..#* ##.##
,,,.>.#* #..#
,,..##* ##.#* ,,.,*
*#.#


You could see Fannar (caught, ally target) and a friendly +5 spear "Foemot"
{spect, rCorr}.

Vanquished Creatures
  A two-headed ogre (D:9)
  2 komodo dragons (D:8)
  A troll (D:10)
  A hornet (D:8)
  2 wyverns
  3 vampire mosquitoes (D:10)
  2 steam dragons
  3 water moccasins
  3 sky beasts
  2 acid dragons
  3 orc warriors
  A black bear (D:5)
  3 ogres
  3 centaurs
  2 phantoms
  3 kobold brigands
  2 bullfrogs (D:8)
  3 gnoll sergeants
  4 scorpions
  9 wights
  Dowan (D:6)
  An electric eel (D:8)
  3 hounds
  3 jellies
  3 gnoll boudas
  7 orc priests
  Jessica (D:2)
  3 iguanas
  9 orc wizards
  24 gnolls
  3 adders
  A shadow imp (D:6)
  2 white imps
  3 worms
  3 dart slugs
  32 orcs
  6 endoplasms
  2 giant cockroaches
  5 goblins
  6 hobgoblins
  11 jackals
  31 kobolds
  3 quokkas
  4 ball pythons
  6 bats
  3 frilled lizards
  3 rats (D:1)
232 creatures vanquished.

Vanquished Creatures (collateral kills)
  Duvessa (D:6)
1 creature vanquished.

Grand Total: 233 creatures vanquished

Notes
Turn   | Place    | Note
-------+----------+-------------------------------------------
     0 | D:1      | Juicyj the Minotaur Fighter began the quest for the Orb.
     0 | D:1      | Reached XP level 1. HP: 19/19 MP: 0/0
   208 | D:1      | Reached XP level 2. HP: 27/27 MP: 1/1
   416 | D:1      | Reached skill level 3 in Axes
   517 | D:1      | Reached XP level 3. HP: 33/33 MP: 2/2
   903 | D:2      | Noticed Jessica
   905 | D:2      | Killed Jessica
   906 | D:2      | Reached XP level 4. HP: 41/41 MP: 3/3
  1207 | D:3      | You fall into a shaft and drop 2 floors!
  1207 | D:5      | Entered Level 5 of the Dungeon
  1276 | D:5      | Identified the ring of Due Proportion {rPois rC- Will+
                  | Str+6 Stlth+}
  1287 | D:5      | Noticed a black bear
  1297 | D:5      | Killed a black bear
  1298 | D:5      | Reached skill level 4 in Axes
  1298 | D:5      | Reached XP level 5. HP: 39/47 MP: 4/4
  1358 | D:5      | Reached skill level 5 in Fighting
  1358 | D:5      | Reached skill level 5 in Armour
  1358 | D:5      | Reached skill level 5 in Shields
  1787 | D:3      | Reached XP level 6. HP: 53/56 MP: 5/5
  2062 | D:4      | Identified the +1 leather armour of Tobeef {Fly rElec
                  | Str-4}
  2115 | D:4      | Gained mutation: You are frail. (-10% HP) [potion of
                  | mutation]
  2115 | D:4      | Gained mutation: You have sharp toenails. [potion of
                  | mutation]
  2151 | D:4      | Reached skill level 5 in Axes
  2151 | D:4      | Reached XP level 7. HP: 49/55 MP: 6/6
  2186 | D:4      | Found a hazy altar of Hepliaklqana.
  2186 | D:4      | Found a snail-covered altar of Cheibriados.
  2309 | D:4      | Found a staircase to the Ecumenical Temple.
  2482 | D:4      | Found a hide-covered altar of Uskayaw.
  2712 | D:5      | Found a shimmering blue altar of Sif Muna.
  2821 | D:5      | Reached skill level 6 in Axes
  3079 | D:5      | Reached skill level 7 in Axes
  3681 | D:5      | Reached skill level 8 in Axes
  3681 | D:5      | Reached XP level 8. HP: 60/63 MP: 7/7
  3801 | D:6      | Reached skill level 9 in Axes
  4300 | D:6      | Reached skill level 10 in Axes
  4423 | D:6      | Noticed Duvessa
  4424 | D:6      | Noticed Dowan
  4450 | D:6      | Killed Duvessa
  4451 | D:6      | Reached skill level 11 in Axes
  4483 | D:6      | Killed Dowan
  4484 | D:6      | Reached XP level 9. HP: 21/67 MP: 8/8
  4650 | D:6      | Noticed an angel
  4652 | D:6      | Found a glowing silver altar of Zin.
  4653 | D:6      | Found a shimmering altar of Xom.
  4953 | D:7      | Reached skill level 12 in Axes
  5144 | D:7      | Identified the +5 spear "Foemot" {spect, rCorr}
  5459 | D:7      | Found a stormy altar of Qazlal.
  5466 | D:7      | Found a blossoming altar of Fedhas.
  5588 | D:7      | Found Dikkotio's Profane Products.
  5818 | D:7      | Reached skill level 1 in Long Blades
  6025 | D:8      | Found a radiant altar of Vehumet.
  6034 | D:8      | Found a basalt altar of Yredelemnul.
  6061 | D:8      | Reached skill level 5 in Polearms
  6459 | D:8      | Noticed a komodo dragon
  6467 | D:8      | Killed a komodo dragon
  6637 | D:8      | Noticed a komodo dragon
  6650 | D:8      | Killed a komodo dragon
  6651 | D:8      | Reached skill level 5 in Long Blades
  6749 | D:8      | Found a staircase to the Lair.
  6863 | D:8      | Reached XP level 10. HP: 66/74 MP: 9/9
  7606 | D:9      | Noticed a two-headed ogre
  7622 | D:9      | Killed a two-headed ogre
  7948 | D:8      | Found Waluvaor's Jewellery Shop.
  8353 | D:10     | Entered Level 10 of the Dungeon
  8377 | D:10     | Noticed a green ugly thing
  8477 | D:10     | Noticed Fannar
  8506 | D:10     | Reached skill level 10 in Polearms
  8529 | D:10     | Killed from afar by Fannar

Illustrated notes

Levels and vault maps discovered:
D:1:      lightli_arrival_windingriver, layout_loops_ring
D:2:      layout_basic, uniq_jessica
D:3:      layout_basic, minmay_misc_feat_chi
D:4:      layout_cave_pools, mainiacjoe_overflow_24_doors,
          gammafunk_temple_overflow_elements, minmay_temple_entry_ruins
D:5:      minmay_octagon_keep, layout_basic, old_standard_altar
D:6:      layout_basic, grunt_temple_overflow_order_and_chaos_1,
          hellmonk_okawaru_the_only_friend_you_need, serial_curves,
          eino_curves_01, eino_curves_03, patterned_corridor, uniq_grinder,
          uniq_duvessa, uniq_maggie
D:7:      layout_cave_pods, grunt_temple_overflow_forces_of_nature,
          nicolae_evil_shop
D:8:      minmay_bubble_buster, layout_loops_cross,
          mainiacjoe_overflow_large_starburst, erik_lair_dragon, serial_shops,
          nicolae_shop_gaudy_bauble, nrook_pool_corridor
D:9:      layout_gridville, feat_on_display
D:10:     layout_cave_pods, nicolae_gozag_cash_rules_everything_around_me,
          makhleb_altar_promises_db, nicolae_overflow_squiral, enter_bailey_2,
          minmay_checkerbox, uniq_fannar

Skill      XL: |  1  2  3  4  5  6  7  8  9 10 |
---------------+-------------------------------+-----
Fighting       | 4 5 6 |  6.0
Armour         | 4 5 |  5.8
Shields        | 4 5 |  5.9
Axes           | 3 4 5 8 11 12 | 12.1
Polearms       | 7 10 | 10.0
Long Blades    | 5 9 |  9.0

Action                     |  1- 3 |  4- 6 |  7- 9 | 10-12 || total
---------------------------+-------+-------+-------+-------++-------
  Melee: War axe           |    96 |    94 |   140 |       ||   330
         Headbutt          |     8 |     7 |    33 |    12 ||    60
         Kick              |       |     1 |    55 |    19 ||    75
         Spear             |       |       |    68 |   153 ||   221
  Throw: Boomerang         |       |       |    63 |       ||    63
         Dart              |       |       |     4 |    10 ||    14
         Throwing net      |       |       |     2 |     2 ||     4
         Javelin           |       |       |       |     4 ||     4
  Evoke: Box of beasts     |       |       |     1 |       ||     1
    Use: Scroll            |     3 |    10 |     2 |     4 ||    19
         Potion            |     1 |     6 |     3 |     2 ||    12
   Stab: Distracted        |       |       |     3 |     2 ||     5
         Held in net/web   |       |       |       |     1 ||     1
 Armour: Scale mail        |    42 |    41 |    23 |       ||   106
         Plate armour      |       |       |    62 |    28 ||    90
  Dodge: Dodged            |    50 |    44 |    62 |    18 ||   174
  Block: Buckler           |    28 |    26 |    49 |    15 ||   118

Table legend: (Time is in decaauts)
 A = Elapsed time spent in this place.
 B = Non-inter-level travel time spent in this place.
 C = Inter-level travel time spent in this place.
 D = Time resting spent in this place.
 E = Time spent auto-exploring this place.
 F = Levels seen in this place.
 G = Mean time per level.
                   A        B        C        D        E       F      G
               +--------+--------+--------+--------+--------+-----+--------+
         Total |   8524 |   8222 |    302 |    678 |   6078 |  10 |  852.4 |
       Dungeon |   8524 |   8222 |    302 |    678 |   6078 |  10 |  852.4 |
               +--------+--------+--------+--------+--------+-----+--------+

Top non-repeatable levels by time:
     D:8: 1653 daAuts
     D:5: 1457 daAuts
     D:7: 971 daAuts
     D:4: 891 daAuts
     D:6: 841 daAuts
     D:9: 771 daAuts
     D:1: 628 daAuts
     D:3: 592 daAuts
     D:2: 566 daAuts
    D:10: 149 daAuts
